 Dungeon Crawl Stone Soup version 0.30-a0-528-g8c47a4955b (webtiles) character file.

Game seed: 16693658012702363257

27924 mandarbmax the Covert (level 13, -4/113 (120) HPs)
             Began as an Armataur Brigand on Dec 24, 2022.
             Was a High Priest of Dithmenos.
             Slain by an orc warrior
             ... wielding a +0 dire flail
              (8 damage)
             ... on level 2 of the Orcish Mines.
             The game lasted 00:36:28 (16844 turns).

mandarbmax the Covert (Armataur Brigand)           Turns: 16844, Time: 00:36:29

HP:   -4/113 (120)  AC: 17    Str: 23    XL:     13   Next: 7%
MP:   14/15         EV: 11    Int: 12    God:    Dithmenos [*****.]
Gold: 45            SH:  5    Dex: 14    Spells: 12/12 levels left

rFire   + . .      SeeInvis +    u - +4 dagger (speed)
rCold   . . .      Faith    .    (no shield)
rNeg    . . .      Spirit   .    f - +2 robe {rF+}
rPois   .          Reflect  +    A - +2 helmet
rElec   .          Harm     .    J - +0 cloak {Will+}
rCorr   .          Roll     +    n - +0 pair of gloves
Will    ++...                    a - +1 barding {Stlth+}
Stlth   ++++++++++               G - amulet of reflection
HPRegen 0.38/turn                p - +6 ring of strength
MPRegen 0.14/turn                B - ring of see invisible

@: mighty, lethally poisoned (-4 -> -9), wreathed by umbra, drained, unable to
read
A: large, rugged brown scales 3, deformed body, armoured tail, roll, long
tongue, awkward tongue, clumsy 1, strong-willed 1, sense surroundings 1,
inability to read after injury 1
a: Renounce Religion, Shadow Step, Shadow Form


You were on level 2 of the Orcish Mines.
You worshipped Dithmenos.
Dithmenos was extremely pleased with you.
You visited 2 branches of the dungeon, and saw 15 of its levels.

You collected 1406 gold pieces.
You spent 1361 gold pieces at shops.

Inventory:

Hand Weapons
 u - a +4 dagger of speed (weapon)
Missiles
 d - 20 poisoned darts (quivered)
 v - 12 javelins
 w - 11 boomerangs
Armour
 a - a +1 barding of stealth (worn)
 f - a +2 robe of fire resistance (worn)
 n - a +0 pair of gloves (worn)
 q - +0 acid dragon scales
 A - a +2 helmet (worn)
 J - a +0 cloak of willpower (worn)
 K - a +2 chain mail of fire resistance
Jewellery
 p - a +6 ring of strength (left hand)
 B - a ring of see invisible (right hand)
 G - an amulet of reflection (around neck)
Wands
 c - a wand of quicksilver (5)
 y - a wand of polymorph (11)
 H - a wand of flame (15)
 I - a wand of paralysis (7)
Scrolls
 g - a scroll of acquirement
 i - a scroll of brand weapon
 L - a scroll of amnesia
Potions
 k - 2 potions of brilliance
 s - 4 potions of attraction
 C - 2 potions of flight
 D - 2 potions of mutation


   Skills:
 - Level 10.2 Fighting
 - Level 10.0 Short Blades
 - Level 5.1 Throwing
 - Level 4.0 Armour
 - Level 8.0 Dodging
 - Level 13.0 Stealth
 + Level 2.8 Invocations
 - Level 6.3 Evocations


You had 12 spell levels left.
You didn't know any spells.
Your spell library contained the following spells:

 Spells                   Type           Power      Damage    Failure   Level
 Slow                     Hex            0%         N/A       32%         1
 Confusing Touch          Hex            0%         N/A       69%         3
 Vampiric Draining        Necr           0%         2d6       69%         3
 Animate Dead             Necr           0%         N/A       97%         4
 Borgnjor's Vile Clutch   Necr/Erth      0%         N/A       100%        5
 Death Channel            Necr           0%         N/A       100%        6


Dungeon Overview and Level Annotations

Branches:
Dungeon (13/15)            Temple (0/1) D:4            Lair (0/5) D:10
    Orc (2/2) D:9             Elf (0/3) Orc:2
 Vaults: D:13-14

Altars:
Ashenzari
Dithmenos
Elyvilon
Gozag
Hepliaklqana
Kikubaaqudgha
Makhleb
Nemelex Xobeh
Okawaru
Qazlal
Vehumet
Wu Jian
Zin

Shops:
D:6 ?   D:7 *!:   Orc:2 ??(

Annotations:
Orc:2 3 runed translucent doors


Innate Abilities, Weirdness & Mutations

You are completely covered in rugged brown scales. (AC +3, +7% HP)
Armour fits poorly on your strangely shaped body.
You have a long armoured tail.
You roll when moving toward enemies. (Rampage)
Your long tongue fully drains potion bottles. (2x potion effects)
Your tongue gives you trouble enunciating. (1.5x scroll delay)
You are clumsy. (Dex -2)
You are strong-willed. (Will+)
You passively map a small area around you.
You occasionally lose the ability to read scrolls when taking damage.


Message History

You feel sick.
You hit the orc high priest.
The orc high priest is almost dead.
You feel sick.
You puncture the orc high priest!
The orc high priest is almost dead.
You feel sick.
The orc sorcerer casts a spell.
The orc priest hits you but does no damage.
The orc high priest calls down the wrath of Beogh upon you.
You resist with almost no effort.
The orc high priest struggles against the net.
The orc warrior hits you but does no damage.
The orc warrior misses you.
The orange demon stings you but does no damage.
You catch the helpless orc high priest completely off-guard!
You spit the orc high priest like a pig!!!
You kill the orc high priest!
Dithmenos accepts your kill.
The orange demon disappears in a puff of smoke!
Unknown command.
Throw: throwing net
Press: ? - help, Q - select action, (/) - cycle Shift-Dir - straight line, f - orc sorcerer
Aim: an orc sorcerer, wielding a +0 dagger and wearing a +0 robe (umbra, 60% to hit)
You throw a throwing net. The throwing net hits the orc sorcerer.
The orc sorcerer is caught in the net!
Your shadow throws a throwing net.
The throwing net hits the orc sorcerer.
The throwing net disappears in a puff of smoke!
You feel sick.
The orc sorcerer gestures at you while chanting.
The bolt of negative energy hits you!!
You feel drained.
You feel threatened and lose the ability to read scrolls!
* * * LOW HITPOINT WARNING * * *
The orc sorcerer struggles against the net.
The orc priest hits you but does no damage.
The orc priest miscasts a cantrip.
The orc warrior closely misses you.
The orc warrior hits you but does no damage.
The orc warrior hits you with a +0 dire flail!
You die...

,,...§oo...#§###.#..,,*,,,,,,,,,#
,,...§§o......#...#,,,*,,,,,,,,,#
,,.§.oooo.(.......##,,*⌠,,....,⌠#
,,§.§ooo).().......#*,*,.......,#
,,.§ooooo.(.....#.#*,,**##+++##*#
,,.§§§.oo....(..##***,##.......##
,,...§oo...#..ooo####*.........#.
,,....o..§.#..oo)##.##...#...##..
**#.§§######..oo@#.[#...##.......
#.§.* ##.§oo)[....#**#......
**#..,*** #.3.###..)[### ##.....
,,,,,,,,* ##.## ###).[.####.....
,,,,,,,,* ### #...[).##.......
****,,,,* ###..[[.......#. *,,,,*
#..........##. *,,,,*
###.)[[...#### ****** ####)...##
#


You could see a soul eater (summoned), an orc sorcerer (caught), 4 orc warriors,
2 orc priests, an orc wizard (invisible) and an orc.

Vanquished Creatures
  An orc warlord (Orc:1)
  Erolcha (Orc:2)
  4 two-headed ogres
  2 boulder beetles
  Urug (D:12)
  4 orc high priests (Orc:2)
  Nergalle (D:11)
  Sonja (D:11)
  A deep elf pyromancer (D:12)
  3 orc knights
  An ugly thing (D:12)
  3 orc sorcerers (Orc:2)
  A cyclops (D:11)
  An elephant (D:10)
  4 unseen horrors
  2 gargoyles
  A komodo dragon (D:11)
  3 kobold demonologists (D:10)
  5 trolls
  A hornet (D:6)
  Prince Ribbit (D:7)
  2 wraiths
  16 yaks
  2 basilisks
  7 vampire mosquitoes
  A warg (Orc:2)
  2 acid dragons (D:12)
  3 water moccasins
  2 ice beasts
  5 ogres
  A sky beast (D:7)
  A black bear (D:10)
  25 orc warriors
  8 centaurs
  2 phantoms (D:5)
  2 kobold brigands
  3 bullfrogs
  A scorpion (D:4)
  A necrophage (D:8)
  4 wights (D:9)
  7 howler monkeys
  2 jellies
  3 hounds
  Crazy Yiuf (D:6)
  18 orc priests
  2 gnoll boudas
  2 iguanas
  17 orc wizards
  5 gnolls (D:5)
  8 adders
  A white imp (D:6)
  An ufetubus (D:4)
  A worm (D:5)
  6 dart slugs
  83 orcs
  8 ball pythons
  2 endoplasms (D:4)
  2 giant cockroaches
  6 hobgoblins
  A jackal (D:4)
  2 quokkas
  4 bats
  5 frilled lizards
  3 goblins
  14 kobolds
  25 rats
359 creatures vanquished.

Vanquished Creatures (others)
  An orc wizard (Orc:2)
  An orc (Orc:2)
2 creatures vanquished.

Grand Total: 361 creatures vanquished

Notes
Turn   | Place    | Note
-------+----------+-------------------------------------------
     0 | D:1      | mandarbmax the Armataur Brigand began the quest for the
                  | Orb.
     0 | D:1      | Reached XP level 1. HP: 18/18 MP: 1/1
   273 | D:1      | Reached skill level 1 in Dodging
   414 | D:1      | Reached XP level 2. HP: 25/25 MP: 2/2
   885 | D:2      | Found a faded altar of an unknown god.
   967 | D:2      | Reached XP level 3. HP: 24/31 MP: 3/3
  1615 | D:3      | Found a radiant altar of Vehumet.
  1754 | D:3      | Found a shadowy altar of Dithmenos.
  1776 | D:3      | Reached XP level 4. HP: 38/38 MP: 4/4
  1778 | D:3      | Became a worshipper of Dithmenos the Shadowed
  1951 | D:4      | Found a staircase to the Ecumenical Temple.
  2056 | D:4      | Reached skill level 10 in Short Blades
  2056 | D:4      | Reached skill level 12 in Stealth
  2056 | D:4      | Reached XP level 5. HP: 43/43 MP: 5/5
  2056 | D:4      | Reached XP level 6. HP: 51/51 MP: 6/6
  2261 | D:4      | Found a large runed translucent door.
  2261 | D:4      | Found a large runed translucent door.
  2618 | D:4      | Found a stormy altar of Qazlal.
  2745 | D:4      | Found an ancient bone altar of Kikubaaqudgha.
  2750 | D:4      | Reached * piety under Dithmenos
  2756 | D:4      | Found an opulent altar of Gozag.
  2795 | D:5      | Entered Level 5 of the Dungeon
  2806 | D:5      | Reached XP level 7. HP: 52/58 MP: 7/7
  3228 | D:5      | Found a hazy altar of Hepliaklqana.
  3399 | D:5      | Reached XP level 8. HP: 60/66 MP: 8/8
  3722 | D:6      | Reached skill level 13 in Stealth
  3744 | D:6      | Noticed a hornet
  3748 | D:6      | Killed a hornet
  3796 | D:6      | Reached ** piety under Dithmenos
  3842 | D:6      | Found Meanumel's Magic Scroll Boutique.
  4226 | D:6      | Found a runed translucent door.
  4227 | D:6      | Noticed Crazy Yiuf
  4484 | D:6      | Killed Crazy Yiuf
  4612 | D:7      | Reached XP level 9. HP: 74/75 MP: 9/9
  4697 | D:7      | Found a white marble altar of Elyvilon.
  4789 | D:7      | Found Ycsorhit's Book Emporium.
  4851 | D:7      | Noticed Prince Ribbit
  4858 | D:7      | Killed Prince Ribbit
  4900 | D:7      | Found Kiadghuha's General Store.
  4916 | D:7      | Reached skill level 5 in Fighting
  4954 | D:7      | Found Tukumpa's Distillery.
  5354 | D:7      | Bought an amulet of reflection for 420 gold pieces
  6027 | D:8      | Reached *** piety under Dithmenos
  6167 | D:8      | Found an iron altar of Okawaru.
  6171 | D:8      | Found a burning altar of Makhleb.
  6171 | D:8      | Found a glowing silver altar of Zin.
  6171 | D:8      | Found an ornate altar of the Wu Jian Council.
  6846 | D:9      | Noticed a troll
  6849 | D:9      | Killed a troll
  6850 | D:9      | Reached XP level 10. HP: 87/87 MP: 10/10
  6853 | D:9      | Noticed a two-headed ogre
  6885 | D:9      | Killed a two-headed ogre
  7069 | D:9      | Noticed a two-headed ogre
  7086 | D:9      | Killed a two-headed ogre
  7087 | D:9      | Reached skill level 5 in Dodging
  7700 | D:9      | Found a sparkling altar of Nemelex Xobeh.
  8005 | D:9      | Found a staircase to the Orcish Mines.
  8462 | D:10     | Entered Level 10 of the Dungeon
  8588 | D:10     | Reached **** piety under Dithmenos
  9113 | D:10     | Noticed an elephant
  9118 | D:10     | Found a staircase to the Lair.
  9121 | D:10     | Killed an elephant
  9126 | D:10     | Reached XP level 11. HP: 98/98 MP: 11/11
  9933 | D:11     | Noticed Sonja
  9938 | D:11     | Killed Sonja
 10215 | D:11     | Noticed Nergalle
 10218 | D:11     | Killed Nergalle
 10837 | D:11     | Noticed a boulder beetle
 10843 | D:11     | Killed a boulder beetle
 11459 | D:12     | Noticed a boulder beetle
 11462 | D:12     | Killed a boulder beetle
 11466 | D:12     | Noticed a deep elf pyromancer
 11485 | D:12     | Killed a deep elf pyromancer
 11760 | D:12     | Reached XP level 12. HP: 33/111 MP: 12/12
 12595 | D:7      | Bought a +0 cloak of willpower for 161 gold pieces
 12785 | D:9      | Found a broken altar of Ashenzari.
 13037 | D:12     | Noticed Urug
 13040 | D:12     | Killed Urug
 13080 | D:12     | Noticed a two-headed ogre
 13082 | D:12     | Noticed a boulder beetle
 13093 | D:12     | Killed a two-headed ogre
 13094 | D:12     | Reached skill level 10 in Fighting
 13776 | Orc:1    | Entered Level 1 of the Orcish Mines
 13784 | Orc:1    | Reached skill level 1 in Evocations
 14194 | Orc:2    | Entered Level 2 of the Orcish Mines
 14194 | Orc:2    | Found Zekoes's Antique Weapon Shop.
 14243 | Orc:2    | Found Itaim's Magic Scroll Shoppe.
 14332 | Orc:2    | Found a staircase to the Elven Halls.
 14375 | Orc:2    | Noticed a two-headed ogre
 14379 | Orc:2    | Killed a two-headed ogre
 14446 | Orc:2    | Found Wogisor's Magic Scroll Shop.
 14453 | Orc:2    | Found a runed translucent gate.
 14453 | Orc:2    | Found a runed translucent gate.
 14462 | Orc:2    | Noticed an orc high priest
 14462 | Orc:2    | Noticed an orc high priest
 14490 | Orc:2    | Gained mutation: You are occasionally teleported next to
                  | monsters. [potion of mutation]
 14490 | Orc:2    | Gained mutation: You expend magic power (3 MP) to
                  | strengthen your wands. [potion of mutation]
 14490 | Orc:2    | Gained mutation: Potions are less effective at restoring
                  | your health. [potion of mutation]
 14490 | Orc:2    | Gained mutation: You are frail. (-10% HP) [potion of
                  | mutation]
 14490 | Orc:2    | Gained mutation: Your flesh is heat resistant. (rF+)
                  | [potion of mutation]
 14496 | Orc:2    | Identified a scroll of acquirement
 14576 | Orc:2    | Reached skill level 5 in Evocations
 14806 | Orc:2    | Found a runed translucent gate.
 14855 | Orc:1    | Lost mutation: Your flesh is heat resistant. (rF+) [potion
                  | of mutation]
 14855 | Orc:1    | Lost mutation: You expend magic power (3 MP) to strengthen
                  | your wands. [potion of mutation]
 14855 | Orc:1    | Lost mutation: Potions are less effective at restoring your
                  | health. [potion of mutation]
 14855 | Orc:1    | Lost mutation: You are frail. (-10% HP) [potion of
                  | mutation]
 14855 | Orc:1    | Lost mutation: You are occasionally teleported next to
                  | monsters. [potion of mutation]
 14855 | Orc:1    | Gained mutation: You are strong-willed. (Will+) [potion of
                  | mutation]
 14855 | Orc:1    | Gained mutation: You occasionally lose the ability to read
                  | scrolls when taking damage. [potion of mutation]
 14855 | Orc:1    | Gained mutation: You passively map a small area around you.
                  | [potion of mutation]
 14856 | Orc:1    | Acquired a +1 barding of stealth
 15165 | Orc:2    | Reached ***** piety under Dithmenos
 15184 | Orc:2    | Killed an orc high priest
 15185 | Orc:2    | Reached skill level 1 in Armour
 15859 | Orc:2    | Noticed an orc warlord
 15903 | Orc:1    | Killed an orc warlord
 15904 | Orc:1    | Reached skill level 1 in Invocations
 16035 | Orc:2    | Noticed Erolcha
 16039 | Orc:2    | Killed Erolcha
 16144 | D:6      | Bought a scroll of acquirement for 780 gold pieces
 16655 | Orc:2    | Killed an orc high priest
 16656 | Orc:2    | Reached skill level 5 in Throwing
 16730 | Orc:2    | Reached XP level 13. HP: 120/120 MP: 14/14
 16807 | Orc:2    | Gained mutation: You are clumsy. (Dex -2) [a neqoxec]
 16844 | Orc:2    | HP: 4/113 [orc sorcerer/bolt of negative energy (32)]
 16844 | Orc:2    | Slain by an orc warrior

Illustrated notes

Levels and vault maps discovered:
D:1:      saegor_arrival_simple_c, layout_basic, st_stairs_9, hex_intersection
D:2:      layout_basic, hellmonk_ecumenical_altar_crossroads
D:3:      layout_rooms, nicolae_vehumet_altar_sigil,
          nicolae_dithmenos_shadow_blocks, minmay_rat_hole
D:4:      layout_gridville, marbit_many_paths, jmf_multi_god_temple2,
          minmay_temple_entry_arrows
D:5:      layout_rooms, amcnicky_altar_gilded, st_stairs_5
D:6:      layout_basic, serial_shops, nicolae_shop_hallway_stairs,
          grunt_ministairs_8, uniq_crazy_yiuf_cottage
D:7:      layout_loops_ring, mainiacjoe_overflow_boulevard, serial_shops, shop,
          nicolae_shop_behind_doors,
          nicolae_shop_temple_entry_statues_fountains, uniq_prince_ribbit1
D:8:      minmay_goldmine, layout_basic, grunt_temple_overflow_open
D:9:      layout_loops_ring, general_overflow_altar,
          nicolae_overflow_hidden_temple, david_orc_5, kennysheep_generic_room_5
D:10:     layout_irregular_city, david_lair_generic
D:11:     layout_gridville, hangedman_decor_lopped, uniq_sonja, uniq_nergalle
D:12:     layout_irregular_city, uniq_urug
D:13:     layout_big_octagon, david_vaults_1
Orc:1:    layout_caves
Orc:2:    st_orc_congregation, layout_diamond_mine, serial_shops, shop_scrolls,
          shop, shop, shop, nicolae_shop_hallway_plus, gammafunk_ghost_cemetery,
          uniq_erolcha

Skill      XL: |  1  2  3  4  5  6  7  8  9 10 11 12 13 |
---------------+----------------------------------------+-----
Fighting       | 2 4 5 7 9 10 | 10.2
Dodging        | 1 3 4 5 7 8 |  8.0
Short Blades   | 2 3 10 | 10.0
Stealth        | 12 13 | 13.0
Throwing       | 3 4 5 |  5.1
Evocations     | 6 |  6.3
Armour         | 3 4 |  4.0
Invocations    | 1 2 |  2.8

Action                   |  1- 3 |  4- 6 |  7- 9 | 10-12 | 13-15 || total
-------------------------+-------+-------+-------+-------+-------++-------
Melee: Short sword       |   122 |       |       |       |       ||   122
       Dagger            |    23 |    85 |   346 |  1391 |    46 ||  1891
       Tailslap          |    11 |    10 |    64 |   248 |    12 ||   345
       Punch             |     2 |     2 |     2 |    28 |       ||    34
Throw: Dart              |     3 |     9 |     5 |   129 |    15 ||   161
       Boomerang         |       |       |     1 |     3 |       ||     4
       Javelin           |       |       |       |     6 |       ||     6
       Throwing net      |       |       |       |     1 |     2 ||     3
Evoke: Wand              |       |       |     3 |    11 |       ||    14
  Use: Scroll            |       |     6 |     9 |    13 |       ||    28
       Potion            |       |     1 |     1 |    15 |     1 ||    18
 Stab: Sleeping          |    10 |    12 |    30 |    42 |       ||    94
       Distracted        |       |     1 |       |     1 |       ||     2
       Invisible         |       |       |       |     1 |       ||     1
       Held in net/web   |       |       |       |     1 |     1 ||     2
Armor: Robe              |    45 |    14 |    37 |   173 |    10 ||   279
       Skin              |       |       |       |    19 |       ||    19
       Acid dragon scale |       |       |       |     5 |       ||     5
Dodge: Dodged            |    39 |    15 |    81 |   345 |    18 ||   498
Block: Other             |       |       |     7 |   119 |     7 ||   133
       Reflection        |       |       |     1 |     3 |     1 ||     5

Table legend: (Time is in decaauts)
 A = Elapsed time spent in this place.
 B = Non-inter-level travel time spent in this place.
 C = Inter-level travel time spent in this place.
 D = Time resting spent in this place.
 E = Time spent auto-exploring this place.
 F = Levels seen in this place.
 G = Mean time per level.
                   A        B        C        D        E       F      G
               +--------+--------+--------+--------+--------+-----+--------+
         Total |  15569 |  14417 |   1152 |   1804 |  10282 |  15 | 1037.9 |
       Dungeon |  13052 |  12001 |   1051 |    886 |   9406 |  13 | 1004.0 |
  Orcish Mines |   2516 |   2415 |    101 |    918 |    876 |   2 | 1258.0 |
               +--------+--------+--------+--------+--------+-----+--------+

Top non-repeatable levels by time:
    D:11: 1787 daAuts
     D:9: 1650 daAuts
     D:8: 1521 daAuts
    D:12: 1487 daAuts
    D:10: 1462 daAuts
   Orc:1: 1292 daAuts
   Orc:2: 1224 daAuts
     D:6: 917 daAuts
     D:4: 800 daAuts
     D:5: 768 daAuts
     D:7: 751 daAuts
     D:1: 694 daAuts
     D:2: 664 daAuts
     D:3: 528 daAuts
    D:13: 17 daAuts
